 Dungeon Crawl Stone Soup version 0.29.1-2-gbd0b4ee654 (webtiles) character file.

Game seed: 4810662489169291542

21 Explode1 the Chopper (level 2, 0/40 HPs)
             Began as a Minotaur Berserker on Nov 2, 2022.
             Was a Follower of Trog.
             Slain by a gnoll
             ... wielding a +0 spear
              (2 damage)
             ... on level 2 of the Dungeon.
             The game lasted 00:04:04 (1281 turns).

Explode1 the Chopper (Minotaur Berserker)           Turns: 1281, Time: 00:04:05

Health: 0/40       AC:  5    Str: 21    XL:     2   Next: 62%
Magic:  1/1        EV: 11    Int:  4    God:    Trog [*.....]
Gold:   92         SH:  0    Dex:  9    Spells: 1/1 levels left

rFire   . . .      SeeInvis .   a - +0 hand axe
rCold   . . .      Faith    .   (no shield)
rNeg    . . .      Spirit   .   n - +0 ring mail
rPois   .          Reflect  .   (helmet restricted)
rElec   .          Harm     .   (no cloak)
rCorr   .          Rampage  .   (no gloves)
Will    .....                   (no boots)
Stlth   ..........              (no amulet)
HPRegen 0.13/turn               (no ring)
MPRegen 0.07/turn               (no ring)

@: berserking, very quick
A: horns 2, retaliatory headbutt
a: Renounce Religion, Berserk


You were on level 2 of the Dungeon.
You worshipped Trog.
Trog was aware of your devotion.
You visited 1 branch of the dungeon, and saw 2 of its levels.

You collected 92 gold pieces.

Inventory:

Hand Weapons
 a - a +0 hand axe (weapon)
 h - a +0 vorpal sling
Missiles
 m - 7 stones (quivered)
Armour
 b - a +0 animal skin
 f - a +0 leather armour
 n - a +0 ring mail (worn)
Scrolls
 e - a scroll of immolation {unknown}
 g - a scroll of identify {unknown}
 j - a scroll of poison {unknown}
 k - a scroll of fear {unknown}
 l - a scroll of amnesia {unknown}
Potions
 c - 2 potions of lignification {unknown}
 d - 2 potions of curing {unknown}
 i - a potion of cancellation {unknown}


   Skills:
 - Level 3.7 Fighting
 + Level 4.7 Axes
 - Level 2.5 Armour
 - Level 2.2 Dodging


You had one spell level left.
You didn't know any spells.
Your spell library was empty.

Dungeon Overview and Level Annotations

Branches:
Dungeon (2/15)

Altars:


Innate Abilities, Weirdness & Mutations

You have a pair of horns on your head.
You reflexively headbutt those who attack you in melee.


Message History

A gnoll comes into view.
It is wielding a +3 flail of holy wrath.
A gnoll comes into view. It is wielding a +0 spear.
The gnoll shouts! x2
The goblin closely misses you. The goblin attacks as you move away!
The goblin barely misses you. You furiously retaliate!
You headbutt the goblin.
You kill the goblin!
Trog accepts your kill. The quokka barely misses you.
You hit the quokka but do no damage. The quokka barely misses you. x2
You hit the quokka.
The quokka is almost dead.
The quokka barely misses you.
You hit the quokka.
You kill the quokka!
Trog accepts your kill.
You completely miss the gnoll. The gnoll hits you with a +0 club.
You hit the gnoll.
The gnoll is moderately wounded.
The gnoll misses you.
You barely miss the gnoll. Your headbutt misses the gnoll.
The gnoll is moderately wounded.
The gnoll barely misses you.
You hit the gnoll.
The gnoll is moderately wounded.
The gnoll hits you with a +0 club.
You hit the gnoll. You headbutt the gnoll.
The gnoll is heavily wounded.
The gnoll hits you with a +3 flail of holy wrath!
* * * LOW HITPOINT WARNING * * *
You hit the gnoll.
The gnoll is almost dead.
The gnoll hits you from afar with a +0 spear.
* * * LOW HITPOINT WARNING * * *
The gnoll hits you with a +3 flail of holy wrath.
* * * LOW HITPOINT WARNING * * *
A red film seems to cover your vision as you go berserk!
You feel yourself moving faster!
You feel mighty!
The gnoll hits you from afar with a +0 spear.
You die...

###..).........#
#..............# #############
###............# .^..........#
#............#
.#.......)..#####............#
................g............#
#...........##.gKg..)......<.#
##..........#..#g##..........#
##............##@###K........#
##...........#...# ###.......#
...............### #.......#
.#...[........## ###g..#.#
.#.#####...#..# #.#...# ....
...#.#..# #.##..#
..#......#.##.# #.##K..#
#..#.#.#.... .. #g##...#
.#...# .g##.....


You could see 4 gnolls and a kobold.

Vanquished Creatures
  2 bats (D:1)
  2 endoplasms (D:1)
  2 hobgoblins (D:1)
  2 jackals (D:1)
  A quokka (D:2)
  2 ball pythons (D:1)
  A frilled lizard (D:1)
  4 goblins
  2 kobolds
18 creatures vanquished.

Notes
Turn   | Place    | Note
-------+----------+-------------------------------------------
     0 | D:1      | Explode1 the Minotaur Berserker began the quest for the
                  | Orb.
     0 | D:1      | Reached XP level 1. HP: 19/19 MP: 0/0
   504 | D:1      | Reached skill level 4 in Axes
   645 | D:1      | Reached XP level 2. HP: 23/27 MP: 1/1
  1280 | D:2      | HP: 1/27 [gnoll/+3 flail of holy wrath (2)]
  1281 | D:2      | Slain by a gnoll

Illustrated notes

Levels and vault maps discovered:
D:1:      heliophobic_arrival_glass_houses, layout_basic,
          minmay_misc_feat_square, chequers_serial_rivers_room_a
D:2:      minmay_chambers_of_ones, layout_rooms, uniq_crazy_yiuf_cottage

Skill      XL: |  1 |
---------------+----+-----
Axes           | 4 |  4.7
Fighting       | |  3.7
Armour         | |  2.5
Dodging        | |  2.2

Action                   || total
-------------------------++-------
Melee: Hand axe          ||    53
       Headbutt          ||     5
Invok: Berserk           ||     1
Armor: Leather armour    ||     7
       Animal skin       ||     2
Dodge: Dodged            ||    38
